 Dungeon Crawl Stone Soup version 0.23-a0-13-gb09bef45d9 (webtiles) character file.

33 Bapho the Slasher (level 3, 0/49 HPs)
             Began as a Draconian Monk on Aug 2, 2018.
             Succumbed to a kobold's poison
             ... on level 2 of the Dungeon.
             The game lasted 00:01:05 (414 turns).

Bapho the Slasher (Draconian Monk)                   Turns: 414, Time: 00:01:06

Health: 0/49       AC: 21    Str: 13    XL:     3   Next: 12%
Magic:  3/3        EV:  2    Int: 15    God:
Gold:   35         SH:  0    Dex: 14    Spells: 2/2 levels left

rFire    . . .     SeeInvis .   a - +0 falchion
rCold    . . .     Gourm    .   (no shield)
rNeg     + + +     Faith    .   (armour unavailable)
rPois    +         Spirit   .   (helmet currently unavailable)
rElec    .         Reflect  .   (cloak currently unavailable)
rCorr    .         Harm     .   (gloves currently unavailable)
MR       .....     NoTele   +   (boots currently unavailable)
Stlth    ++........             (no amulet)
HPRegen  0.16/turn              (no ring)
MPRegen  0.08/turn              (no ring)

@: brilliant, lethally poisoned (0 -> -17), tree-form
A: unfitting armour, AC +5
a: no special abilities


You were on level 2 of the Dungeon.
You were not hungry.
You were a tree.
You visited 1 branch of the dungeon, and saw 2 of its levels.

You collected 35 gold pieces.

Inventory:

Hand Weapons
 a - a +0 falchion (weapon)
Missiles
 d - 22 arrows
 g - 12 stones (quivered)
Scrolls
 h - a scroll of fear {unknown}
 i - a scroll of teleportation {unknown}
Potions
 e - a potion of lignification
 f - a potion of brilliance
Comestibles
 b - 3 rations
 c - 3 chunks of flesh


   Skills:
 + Level 3.8 Fighting
 * Level 3.9 Long Blades
 - Level 2.6 Dodging
 - Level 1.7 Stealth


You had 2 spell levels left.
You didn't know any spells.
Your spell library was empty.

Dungeon Overview and Level Annotations

Branches:
Dungeon (1/15)

Altars:
Gozag


Innate Abilities, Weirdness & Mutations

((Your plain brown scales are hard. (AC +5)))
You cannot fit into any form of body armour.
((You are cold-blooded and may be slowed by cold attacks.))


Message History

You hit the rat.
You kill the rat!
* * * LOW HITPOINT WARNING * * *
You feel sick.
It was a potion of lignification.
You turn into a tree.
Your roots penetrate the ground.
* * * LOW HITPOINT WARNING * * *
You feel sick.
It was a potion of brilliance.
You feel clever all of a sudden.
* * * LOW HITPOINT WARNING * * *
You feel sick. The goblin hits you but does no damage.
The hobgoblin hits you but does no damage.
You barely miss the hobgoblin.
* * * LOW HITPOINT WARNING * * *
You feel sick. The goblin hits you but does no damage.
The hobgoblin hits you but does no damage.
You hit the goblin.
You kill the goblin!
You die...

...# .....# .......
.......##########
.(..............#
......#...g.....#
.............##g##
.......(....##.♣)#
....!..S.g.##.....#
.......†#.##.......#
.#...##...##..._...#
...........#.......#
.###.....w.##.....##
.........####...##
###.$.#.## #####
#...#w#


You could see a hobgoblin.

Vanquished Creatures
  An adder (D:2)
  A dart slug (D:2)
  A giant cockroach (D:1)
  5 goblins
  2 hobgoblins (D:1)
  4 jackals (D:1)
  A bat (D:1)
  2 frilled lizards (D:1)
  2 kobolds
  3 rats
22 creatures vanquished.

Notes
Turn   | Place    | Note
-------+----------+-------------------------------------------
     0 | D:1      | Bapho the Draconian Monk began the quest for the Orb.
     0 | D:1      | Reached XP level 1. HP: 19/19 MP: 1/1
   166 | D:1      | Reached XP level 2. HP: 26/26 MP: 2/2
   381 | D:1      | You fall through a shaft!
   395 | D:2      | Found an opulent altar of Gozag.
   400 | D:2      | Reached XP level 3. HP: 28/33 MP: 3/3
   413 | D:2      | HP: 2/49 [poisoned by a kobold]
   414 | D:2      | Succumbed to a kobold's poison

Vault maps used:
D:1:      scummos_arrival_forest
D:2:      cheibrodos_old_hovel, nemelex_xobeh_ov_fountains_minmay,
          lemuel_doored_altar, lemuel_round_altar, uniq_natasha

Action                   || total
-------------------------++-------
Melee: Falchion          ||    47
       Tailslap          ||     6
Throw: Stone             ||    26
  Use: Potion            ||     2
Armor: Skin              ||    15
Dodge: Dodged            ||    36
       Rpst.: Falchion   ||    10

Table legend:
 A = Spawn XP
 B = Non-spawn XP
 C = Spawn XP percentage of total XP
 D = Spawn monster count
 E = Non-spawn monster count
 F = Spawn count percentage of total count
 G = Total turns spent on level
                    A         B        C        D         E        F      G
               +---------+---------+-------+---------+---------+-------+---------
         Total |       0 |      48 |   0.0 |       0 |      22 |   0.0 |   414
               +---------+---------+-------+---------+---------+-------+---------
           D:1 |       0 |      27 |   0.0 |       0 |      16 |   0.0 |   381
           D:2 |       0 |      21 |   0.0 |       0 |       6 |   0.0 |    33
               +---------+---------+-------+---------+---------+-------+---------
